 Dungeon Crawl Stone Soup version 0.26-a0-661-g406de6ba63 (webtiles) character file.

Game seed: 524941645099581313

837 GoodGuyCap the Cleaver (level 7, -3/61 HPs)
             Began as a Hill Orc Monk on Oct 8, 2020.
             Was a Believer of Beogh.
             Slain by a river rat (7 damage)
             ... summoned by Eustachio
             ... on level 5 of the Dungeon.
             The game lasted 00:08:07 (5456 turns).

GoodGuyCap the Cleaver (Hill Orc Monk)              Turns: 5456, Time: 00:08:08

Health: -3/61      AC: 14    Str: 16      XL:     7   Next: 99%
Magic:  9/9        EV:  1    Int: 10      God:    Beogh [**....]
Gold:   311        SH:  6    Dex:  8 (13) Spells: 6/6 levels left

rFire    . . .     SeeInvis .   a - +0 hand axe
rCold    . . .     Faith    .   m - +0 kite shield
rNeg     . . .     Spirit   .   i - +0 plate armour
rPois    +         Reflect  .   (no helmet)
rElec    .         Harm     +   j - scarf {harm}
rCorr    .         Rampage  .   (no gloves)
MR       .....                  (no boots)
Stlth    ..........             (no amulet)
HPRegen  0.20/turn              l - ring of poison resistance
MPRegen  0.11/turn              u - +4 ring of protection

@: brilliant, hasted, very heavily drained, very quick
A: no striking features
a: Smiting, Renounce Religion


You were on level 5 of the Dungeon.
You worshipped Beogh.
Beogh was pleased with you.
You visited 1 branch of the dungeon, and saw 5 of its levels.

You collected 311 gold pieces.

Inventory:

Hand Weapons
 a - a +0 hand axe (weapon)
Armour
 i - a +0 plate armour (worn)
 j - a scarf of harm (worn)
 m - a +0 kite shield (worn)
 p - a +0 cloak
Jewellery
 c - an uncursed ring of protection from magic {unknown}
 f - a +6 ring of dexterity
 g - an uncursed ring of protection from cold
 l - a ring of poison resistance (left hand)
 u - a +4 ring of protection (right hand)
Wands
 s - a wand of acid (9)
Scrolls
 d - 2 scrolls of identify
 w - 2 scrolls of magic mapping
Potions
 b - a potion of resistance {unknown}
 e - a potion of ambrosia {unknown}
 n - 2 potions of mutation {unknown}
 r - a potion of haste
 x - a potion of lignification {unknown}


   Skills:
 * Level 5.2(2.2) Fighting
 * Level 8.1(4.9) Axes
 * Level 4.0(1.1) Armour
 + Level 2.9(0.1) Dodging
 + Level 2.0(0.0) Stealth
 + Level 2.7(0.0) Shields
 * Level 2.9(0.1) Invocations


You had 6 spell levels left.
You didn't know any spells.
Your spell library contained the following spells:

 Spells                   Type           Power        Failure   Level
 Animate Skeleton         Necr           #.....       100%        1
 Apportation              Tloc           #.....       100%        1
 Corona                   Hex            #......      100%        1
 Summon Small Mammal      Summ           #...         100%        1


Dungeon Overview and Level Annotations

Branches:
Dungeon (5/15)
 Temple: D:4-7

Altars:
Fedhas
Gozag
Qazlal
Yredelemnul

Shops:
D:4 (:*

Annotations:
D:5 Eustachio


Message History

The river rat bites you but does no damage.
You block the river rat's attack. The bat hits you but does no damage.
You block the bat's attack. The bat hits you but does no damage.
The bat hits you but does no damage. You block the bat's attack.
The bat hits you but does no damage.
Eustachio casts a spell.
Eustachio blinks!
You block the bat's attack. The bat hits you but does no damage.
You closely miss the bat. The bat hits you.
* * * LOW HITPOINT WARNING * * *
The bat hits you but does no damage.
You hit the bat but do no damage. The bat hits you but does no damage.
You hit the bat but do no damage. The bat hits you but does no damage.
You barely miss the river rat.
The crimson imp shouts, "Face thy requiem, thou fawning ill-breeding nothing!"
The river rat bites you.
You die...

#.# . ##.### #.# ##.
#....#### #y# #.. #....+...
#y# #.######....#### #.#
#............... #y#
#.#............. #5#
#(#.............
#.###r......ยง..5....
####..@rrb.555....5....
######.....###..............
#....<.....# #..............
###.##.....# #..............
#.##.........###.).......#
#.##.....##### #..........
#.##.....# #........##
#.##.##### #........+.
#.##.# #........#.


You could see an iron imp (summoned), a crimson imp (summoned), 3 river rats, a
shadow imp (summoned) and a bat (summoned).

Vanquished Creatures
  Menkaure (D:5)
  An ogre (D:4)
  A centaur (D:5)
  A scorpion (D:5)
  3 killer bees (D:5)
  2 howler monkeys
  Crazy Yiuf (D:2)
  A centaur skeleton (D:5)
  2 orc wizards
  Terence (D:2)
  A worker ant (D:4)
  A worker ant zombie (D:5)
  3 adders
  A worm (D:2)
  5 dart slugs
  3 leopard geckos
  5 orcs
  4 ball pythons
  6 giant cockroaches
  6 goblins
  8 hobgoblins
  9 jackals
  4 quokkas
  5 bats
  5 frilled lizards
  A giant cockroach zombie (D:5)
  10 kobolds
  5 rats
96 creatures vanquished.

Vanquished Creatures (others)
  A giant cockroach (D:3)
  A rat (D:3)
2 creatures vanquished.

Grand Total: 98 creatures vanquished

Notes
Turn   | Place    | Note
-------+----------+-------------------------------------------
     0 | D:1      | GoodGuyCap the Hill Orc Monk began the quest for the Orb.
     0 | D:1      | Reached XP level 1. HP: 19/19 MP: 1/1
   135 | D:1      | Reached XP level 2. HP: 24/27 MP: 2/2
   428 | D:1      | Reached XP level 3. HP: 22/33 MP: 3/3
  1283 | D:2      | Reached skill level 5 in Axes
  1321 | D:2      | Reached XP level 4. HP: 40/40 MP: 4/4
  1429 | D:2      | Found a faded altar of an unknown god.
  1517 | D:2      | Found a runed translucent door.
  1518 | D:2      | Noticed Crazy Yiuf
  1579 | D:2      | Noticed Terence
  1635 | D:2      | Killed Terence
  2113 | D:2      | Killed Crazy Yiuf
  2113 | D:2      | Reached skill level 6 in Axes
  2113 | D:2      | Reached XP level 5. HP: 31/47 MP: 5/5
  2322 | D:3      | Became a worshipper of Beogh the Brigand
  2322 | D:3      | Reached * piety under Beogh
  2322 | D:3      | Reached ** piety under Beogh
  2345 | D:3      | Reached skill level 1 in Armour
  2625 | D:3      | Found a basalt altar of Yredelemnul.
  2806 | D:3      | Found a blossoming altar of Fedhas.
  2806 | D:3      | Found an opulent altar of Gozag.
  2965 | D:4      | Found a stormy altar of Qazlal.
  2967 | D:4      | Noticed a water elemental
  2967 | D:4      | Noticed an air elemental
  2969 | D:4      | Noticed a fire elemental
  2990 | D:4      | Found Peagog's Distillery.
  3047 | D:4      | Reached skill level 1 in Shields
  3047 | D:4      | Reached XP level 6. HP: 42/53 MP: 6/6
  3211 | D:4      | Found Mefum's Antique Weapon Shoppe.
  3255 | D:4      | Found Geosk's Book Shoppe.
  3314 | D:4      | Found Coirhash's General Store.
  3598 | D:4      | HP: 1/53 [ogre/cursed +0 giant club (15)]
  3604 | D:4      | Reached skill level 7 in Axes
  4039 | D:4      | Reached skill level 1 in Invocations
  4079 | D:5      | Entered Level 5 of the Dungeon
  4079 | D:5      | Noticed Menkaure
  4088 | D:5      | Killed Menkaure
  4088 | D:5      | Reached XP level 7. HP: 31/60 MP: 6/8
  4249 | D:5      | Noticed Eustachio
  4648 | D:5      | HP: 3/60 [poisoned by a killer bee]
  4648 | D:5      | HP: 1/60 [killer bee (2)]
  4725 | D:5      | Reached skill level 5 in Fighting
  5173 | D:5      | Reached skill level 8 in Axes
  5441 | D:5      | HP: 2/61 [river rat[Eustachio] (3)]
  5452 | D:5      | HP: 3/61 [bat[Eustachio] (1)]
  5456 | D:5      | Slain by a river rat

Illustrated notes

Levels and vault maps discovered:
D:1:      tarquinn_simple_flora_water_b, layout_loops_ring,
          minmay_three_crescents
D:2:      layout_loops_ring, chequers_ecumenical_altar_simple, uniq_terence,
          uniq_crazy_yiuf_cottage
D:3:      layout_rooms, lemuel_coloured_pillars_altar,
          chequers_temple_overflow_statue_of_worship
D:4:      layout_basic, nicolae_qazlal_style_of_elements, serial_shops, shop,
          nicolae_shop_stone, kennysheep_little_box, kennysheep_mini_moat,
          kennysheep_generic_room_9
D:5:      layout_basic, old_standard_altar, minmay_temple_entry_fiery,
          uniq_prince_ribbit1, uniq_pikel, uniq_eustachio, uniq_menkaure,
          uniq_edmund, uniq_ijyb

Skill      XL: |  1  2  3  4  5  6  7 |
---------------+----------------------+-----
Fighting       | 4 5 |  5.2
Axes           | 5 6 7 8 |  8.1
Stealth        | 2 |  2.0
Armour         | 2 3 4 |  4.0
Shields        | 1 2 |  2.7
Invocations    | 1 2 |  2.9
Dodging        | |  2.9

Action                   |  1- 3 |  4- 6 |  7- 9 || total
-------------------------+-------+-------+-------++-------
Melee: Hand axe          |   109 |   185 |   112 ||   406
Invok: Convert to Beogh  |       |     1 |       ||     1
  Use: Scroll            |     4 |       |     6 ||    10
       Potion            |       |     2 |     5 ||     7
 Stab: Sleeping          |     3 |       |       ||     3
       Distracted        |     1 |       |       ||     1
Armor: Robe              |    15 |       |       ||    15
       Plate armour      |    22 |   112 |   202 ||   336
Dodge: Dodged            |    75 |    12 |    35 ||   122
Block: Kite shield       |       |    74 |   104 ||   178

Table legend: (Time is in decaauts)
 A = Elapsed time spent in this place.
 B = Non-inter-level travel time spent in this place.
 C = Inter-level travel time spent in this place.
 D = Time resting spent in this place.
 E = Time spent auto-exploring this place.
 F = Levels seen in this place.
 G = Mean time per level.
                   A        B        C        D        E       F      G
               +--------+--------+--------+--------+--------+-----+--------+
         Total |   5476 |   5370 |    106 |   1363 |   3065 |   5 | 1095.2 |
       Dungeon |   5476 |   5370 |    106 |   1363 |   3065 |   5 | 1095.2 |
               +--------+--------+--------+--------+--------+-----+--------+

Top non-repeatable levels by time:
     D:4: 1806 daAuts
     D:1: 1172 daAuts
     D:2: 1163 daAuts
     D:5: 706 daAuts
     D:3: 627 daAuts
